 Dungeon Crawl Stone Soup version 0.28-a0-313-gbc0475efdd (webtiles) character file.

Game seed: 17612912167920059627

28 capybara the Skirmisher (level 3, 0/17 HPs)
             Began as a Felid Cinder Acolyte on Sept 1, 2021.
             Was a High Priest of Ignis.
             Killed from afar by Natasha (9 damage)
             ... with a magic dart
             ... on level 2 of the Dungeon.
             The game lasted 00:09:57 (4274 turns).

capybara the Skirmisher (Felid Cinder Acolyte)      Turns: 4274, Time: 00:09:57

Health: 0/17       AC:  1    Str: 11    XL:     3   Next: 0%
Magic:  4/6        EV: 15    Int: 15    God:    Ignis [*****.]
Gold:   76         SH:  0    Dex: 11    Spells: 2/4 levels left
                                        Lives:  0   Deaths: 0

rFire   + . .      SeeInvis +     - Unarmed
rCold   . . .      Faith    .   (shield unavailable)
rNeg    . . .      Spirit   .   (armour unavailable)
rPois   .          Reflect  .   (helmet unavailable)
rElec   .          Harm     .   (cloak unavailable)
rCorr   +          Rampage  .   (gloves unavailable)
Will    .....                   (boots unavailable)
Stlth   +.........              (no amulet)
HPRegen 0.05/turn               d - ring of resist corrosion
MPRegen 0.10/turn               (no ring)

@: very slightly contaminated, quick
A: very small, claws 1, fangs 3, see invisible, speed 1, shaggy fur 1, stealthy
paws, no weapons or thrown items, no armour, multi-lived
a: Renounce Religion, Sea of Fire, Foxfire Swarm, Rising Flame


You were on level 2 of the Dungeon.
You worshipped Ignis.
Ignis was extremely pleased with you.
You visited 1 branch of the dungeon, and saw 2 of its levels.

You collected 76 gold pieces.

Inventory:

Jewellery
 d - a ring of resist corrosion (left paw)
 g - a ring of ice
Scrolls
 c - a scroll of identify {unknown}
Potions
 a - 2 potions of curing {unknown}
 b - a potion of lignification {unknown}
 e - a potion of haste {unknown}
 f - 2 potions of flight {unknown}


   Skills:
 - Level 3.1 Fighting
 - Level 0.9 Dodging
 - Level 1.0 Stealth
 - Level 3.1 Unarmed Combat
 + Level 1.4 Spellcasting
 + Level 0.3 Summonings
 * Level 1.7 Fire Magic


You had 2 spell levels left.
You knew the following spells:

 Your Spells              Type           Power      Damage    Failure   Level
a - Foxfire               Conj/Fire      12%        2x1d4     17%         1
b - Summon Small Mammal   Summ           8%         N/A       21%         1

Your spell library contained the following spells:

 Spells                   Type           Power      Damage    Failure   Level
 Iskenderun's Mystic Bla  Conj/Tloc      1%         2d3       93%         4
 Passage of Golubria      Tloc           N/A        N/A       93%         4
 Freezing Cloud           Conj/Ice/Air   0%         6-21      100%        5
 Simulacrum               Ice/Necr       0%         N/A       100%        6
 Haunt                    Necr/Summ      0%         N/A       100%        7
 Polar Vortex             Ice            0%         N/A       100%        9
 Animate Armour           Summ/Erth      Unusable   N/A       N/A         4

Dungeon Overview and Level Annotations

Branches:
Dungeon (2/15)

Altars:

Annotations:
D:2 Natasha, Terence


Innate Abilities, Weirdness & Mutations

You have sharp claws.
You have razor-sharp teeth.
You have supernaturally acute eyesight. (SInv)
You cover ground quickly. (Speed+)
You are covered in fur. (AC +1)
Your paws help you pounce on unaware monsters.
You are incapable of wielding weapons or throwing items.
You cannot wear armour.
You gain extra lives every three experience levels.


Message History

Okay, then.
Casting: Foxfire (safe; 19% risk of failure)
Press: ? - help, Q - select action, (/) - cycle Dir - look around, f - activate You conjure some foxfire!
The foxfire hits the quokka.
The quokka is severely wounded.
Unknown command.
Your foxfire dissipates!
Terence the Incautious comes into view.
He is wielding a +1 flail of protection.
The quokka misses you.
You closely miss the quokka.
The quokka is severely wounded.
The quokka completely misses you.
You closely miss the quokka. You bite the quokka.
You kill the quokka!
You have reached level 3!
Your experience leads to an increase in your attributes!
Increase (S)trength, (I)ntelligence, or (D)exterity?
You feel clever.
You start resting.
Magic restored.
There is an escape hatch in the floor here.
A bat comes into view.
Found a stone staircase leading down.
A bat is nearby!
Casting: Foxfire (safe; 17% risk of failure)
Press: ? - help, Q - select action, (/) - cycle Dir - look around, f - activate You conjure some foxfire!
Unknown command.
Casting: Foxfire (safe; 17% risk of failure)
Press: ? - help, Q - select action, (/) - cycle Dir - look around, f - activate You miscast Foxfire.
You are very lightly contaminated with residual magic.
Nothing appears to happen.
Natasha casts a spell at you. The magic dart hits you!
Natasha stares at you and mumbles some strange words.
The magic dart hits you!
Ouch! That really hurt!
You die...

## .. #>##
######## ..h
##########.......
..# ...........#
..# ##########.#
#######h.##### #
#.#
#.@........ยง.. #
#.#
#.#####..##### #
#####.# #.# ..# #
##...#.# #.# b.#
#####.###..# #.#
### .....## ##.#
#.# ....># #.#
#.# ####.## ##.#
#.# ##.###..# #.#
..#.#


You could see Natasha.

Vanquished Creatures
  A worm (D:2)
  A dart slug (D:1)
  4 bats
  An endoplasm (D:1)
  4 giant cockroaches (D:1)
  3 goblins (D:1)
  A hobgoblin (D:1)
  A quokka (D:2)
  A frilled lizard (D:2)
  2 kobolds (D:1)
  3 rats
22 creatures vanquished.

Vanquished Creatures (others)
  65 foxfires
  5 fungi (D:1)
  A plant (D:1)
71 creatures vanquished.

Grand Total: 93 creatures vanquished

Notes
Turn   | Place    | Note
-------+----------+-------------------------------------------
     0 | D:1      | capybara the Felid Cinder Acolyte began the quest for the
                  | Orb.
     0 | D:1      | Reached XP level 1. HP: 10/10 MP: 3/3
   539 | D:1      | Reached skill level 1 in Fire Magic
  1111 | D:1      | Reached XP level 2. HP: 12/14 MP: 2/4
  1865 | D:1      | Reached skill level 1 in Stealth
  2005 | D:1      | Got the Guide on Twisted Slavery
  2260 | D:1      | Found a faded altar of an unknown god.
  2275 | D:1      | Got Plato's Incunabulum of Creation
  2278 | D:1      | Learned a level 1 spell: Summon Small Mammal
  3257 | D:2      | Noticed Natasha
  4178 | D:2      | Noticed Terence
  4182 | D:2      | Reached XP level 3. HP: 17/17 MP: 4/6
  4274 | D:2      | Killed from afar by Natasha

Illustrated notes

Levels and vault maps discovered:
D:1:      dpeg_arrival_signposts, layout_loops_corners,
          shapermc_ecumenical_altar_rom_forum, chequers_serial_rivers_micro_a
D:2:      layout_loops_ring, serial_rivers, chequers_serial_rivers_room_b,
          chequers_serial_rivers_room_b, chequers_serial_rivers_marsh,
          chequers_serial_rivers_micro_d, chequers_serial_rivers_small_3,
          chequers_serial_rivers_small_b, basic_altar, uniq_robin, uniq_terence,
          uniq_natasha

Skill      XL: |  1  2 |
---------------+-------+-----
Fire Magic     | 1 |  1.7
Stealth        | 1 |  1.0
Fighting       | |  3.1
Dodging        | |  0.9
Unarmed Combat | |  3.1
Spellcasting   | |  1.4
Summonings     | |  0.3

Action                   || total
-------------------------++-------
Melee: Unarmed           ||    10
       Punch             ||     1
       Bite              ||     1
 Cast: Foxfire           ||    48
Armor: Skin              ||     7
Dodge: Dodged            ||    36

Table legend: (Time is in decaauts)
 A = Elapsed time spent in this place.
 B = Non-inter-level travel time spent in this place.
 C = Inter-level travel time spent in this place.
 D = Time resting spent in this place.
 E = Time spent auto-exploring this place.
 F = Levels seen in this place.
 G = Mean time per level.
                   A        B        C        D        E       F      G
               +--------+--------+--------+--------+--------+-----+--------+
         Total |   3987 |   3920 |     67 |   2666 |    337 |   2 | 1993.5 |
       Dungeon |   3987 |   3920 |     67 |   2666 |    337 |   2 | 1993.5 |
               +--------+--------+--------+--------+--------+-----+--------+

Top non-repeatable levels by time:
     D:1: 3085 daAuts
     D:2: 901 daAuts
